 Dungeon Sprint DCSS version 0.20.1-1-g8b1a95d (webtiles) character file.

9 potatolord6000 the Caller (level 2, -9/25 HPs)
             Began as a Barachi Summoner on Aug 30, 2017.
             Was a Follower of Sif Muna.
             Mangled by a rakshasa
             ... wielding a +0 long sword
              (14 damage)
             ... in the Dungeon (Sprint V: "Ziggurat Sprint").
             The game lasted 00:02:32 (185 turns).

potatolord6000 the Caller (Barachi Summoner)         Turns: 185, Time: 00:02:32

Health: -9/25      AC:  2    Str: 14    XL:     2   Next: 12%
Magic:  10/12      EV: 19    Int: 33    God:    Sif Muna [*.....]
Gold:   0          SH:  0    Dex: 17    Spells: 7/8 levels left

rFire    . . .     SeeInvis .   y - +6 Majin-Bo {vamp, Archmagi MP+6 Int+6}
rCold    . . .     Gourm    .   (shield currently unavailable)
rNeg     . . .     Faith    .   a - +0 robe
rPois    .         Spirit   .   (no helmet)
rElec    .         Reflect  .   (no cloak)
rCorr    .         Harm     .   (no gloves)
MR       .....     NoTele   +   (no boots)
Stlth    +++.......             (no amulet)
Regen    0.1/turn               l - +6 ring of intelligence
MPRegen  0.2/turn               m - +6 ring of intelligence

@: mighty, agile, very slightly contaminated, hasted, invisible, very quick
A: +LOS, swims, slowness 1, strong legs 1
a: Hop, Divine Energy, Renounce Religion


You were in the Dungeon.
You worshipped Sif Muna.
Sif Muna was aware of your devotion.
You were not hungry.

You visited 1 branch

Inventory:

Hand Weapons
 y - the +6 Majin-Bo (weapon) {vamp, Archmagi MP+6 Int+6}
   (You found it in the Dungeon)

   It inflicts no extra harm, but heals its wielder when it wounds a living foe.
   It affects your intelligence (+6).
   It affects your magic capacity (+6).
Armour
 a - a +0 robe (worn)
Jewellery
 l - a +6 ring of intelligence (left hand)
 m - a +6 ring of intelligence (right hand)
Scrolls
 i - 4 scrolls of blinking
 n - 4 scrolls of amnesia
 o - 3 scrolls of recharging
 p - 7 scrolls of fog
 q - a scroll of holy word
 r - 5 scrolls of identify
 s - 5 scrolls of remove curse
 t - 2 scrolls of fear
Potions
 d - 10 potions of curing
 e - 8 potions of heal wounds
 f - 5 potions of haste
 g - 7 potions of magic
 h - 3 potions of berserk rage
 u - 2 potions of brilliance
 v - a potion of invisibility
 w - 4 potions of resistance
 z - 4 potions of agility
 A - 4 potions of might
Books
 b - a book of Callings

   Spells                             Type                      Level
   a - Summon Small Mammal            Summoning                    1
   b - Call Imp                       Summoning                    2
   c - Call Canine Familiar           Summoning                    3
   d - Summon Guardian Golem          Hexes/Summoning              3
   e - Summon Lightning Spire         Summoning/Air                4
   f - Summon Ice Beast               Ice/Summoning                4
Comestibles
 c - 5 bread rations
 j - 42 fruits
 k - 3 meat rations


   Skills:
 + Level 3.6 Fighting
 + Level 3.4 Staves
 + Level 4.1 Dodging
 - Level 1.7 Stealth
 + Level 3.9 Spellcasting
 + Level 6.2 Summonings


You had 7 spell levels left.
You knew the following spells:

 Your Spells              Type           Power        Failure   Level  Hunger
a - Summon Small Mammal   Summ           ####         1%          1    None


Dungeon Overview and Level Annotations

Branches:
Dungeon (1/1)

Altars:
Ashenzari
Cheibriados
Dithmenos
Elyvilon
Fedhas
Gozag
Hepliaklqana
Kikubaaqudgha
Makhleb
Nemelex Xobeh
Okawaru
Qazlal
Ru
Sif Muna
Trog
Uskayaw
Vehumet
Xom
Yredelemnul
Zin
The Shining One
Beogh
Jiyva
Lugonu

Annotations:
D 1 transporter


Innate Abilities, Weirdness & Mutations

Shadows flee at your approach. (+LOS)
You can swim through water.
You cover ground slowly.
You can hop short distances.


Message History

Your rat dies!
Your rat's corpse disappears in a puff of smoke!
The rakshasa barely misses you.
The ironheart preserver shouts!
You hit the rakshasa.
The rakshasa is moderately wounded.
Unknown command.
You hit the rakshasa.
The rakshasa is moderately wounded.
The rakshasa hits you with a long sword!!
Ouch! That really hurt!
* * * LOW HITPOINT WARNING * * *
Unknown command.
Unknown command.
You hit the rakshasa.
The rakshasa is heavily wounded.
The ironheart preserver misses you.
The rakshasa hits you with a long sword!
Ouch! That really hurt!
You die...

▓▓▓▓▓▓▓▓▓▓▓▓▓
▓.8©8.▓.8©8.▓
▓.))|.▓..§..▓
▓.....▓.).}.▓
▓C....▓.....▓
▓...p.▓.....▓
▓..pp.▓.....▓
▓...@R▓▓▓▓▓▓▓
▓▓▓▓▓▓▓


You could see 3 ironheart preservers, a rakshasa and a cyclops.

Vanquished Creatures
  A bat skeleton (D)
  A leopard gecko skeleton (D)
2 creatures vanquished.

Notes
Turn   | Place    | Note
-------+----------+-------------------------------------------
     0 | D        | potatolord6000 the Barachi Summoner began the quest for the Orb.
     0 | D        | Reached XP level 1. HP: 13/13 MP: 3/3
     8 | D        | Became a worshipper of Sif Muna the Loreminder
    11 | D        | Found a burning altar of Makhleb.
    11 | D        | Found a corrupted altar of Lugonu.
    11 | D        | Found an ancient bone altar of Kikubaaqudgha.
    11 | D        | Found a transporter.
    11 | D        | Found a viscous altar of Jiyva.
    13 | D        | Found a hazy altar of Hepliaklqana.
    23 | D        | Found an opulent altar of Gozag.
   114 | D        | Reached skill level 6 in Summonings
   114 | D        | Reached XP level 2. HP: 25/25 MP: 6/6
   140 | D        | Entered arena 2.
   140 | D        | Found a transporter.
   145 | D        | Reached * piety under Sif Muna
   171 | D        | Entered arena 3.
   171 | D        | Noticed a cyclops
   171 | D        | Noticed an ironheart preserver
   171 | D        | Noticed a rakshasa
   171 | D        | Found a transporter.
   176 | D        | HP: 1/25 [rakshasa/orb of energy (21)]
   185 | D        | Mangled by a rakshasa

Skill      XL: |  1 |
---------------+----+-----
Fighting       | 3 |  3.6
Staves         | 3 |  3.4
Dodging        | 4 |  4.1
Spellcasting   | 3 |  3.9
Summonings     | 6 |  6.2
Stealth        | |  1.7

Action                   || total
-------------------------++-------
Melee: Quarterstaff      ||     7
 Cast: Summon Small Mamm ||     7
  Use: Potion            ||     7
 Stab: Sleeping          ||     1
  Eat: Meat ration       ||     1
Armor: Robe              ||     2
Dodge: Dodged            ||     4
